 Dungeon Crawl Stone Soup version 0.32-a0-986-ga09f62fbf4 (webtiles) character file.

Game seed: 13755385387327378435

372 GiantSquids the Changeling (level 6, 0/38 HPs)
             Began as an Octopode Shapeshifter on Apr 22, 2024.
             Slain by an orc wizard
             ... wielding a +2 dagger of electrocution
              (5 damage)
             ... on level 5 of the Dungeon.
             The game lasted 00:09:46 (2924 turns).

GiantSquids the Changeling (Octopode Shapeshifter)  Turns: 2924, Time: 00:09:47

Health: 0/38       AC:  1    Str: 13 (14) XL:     6   Next: 71%
Magic:  6/6        EV: 12    Int:  9 (11) God:
Gold:   186        SH:  0    Dex: 15 (16) Spells: 5/5 levels left

rFire   . .          .
                       - Unarmed
rCold   . . .        (no shield)
rNeg    . . .        (helmet currently unavailable)
rPois   .            (no amulet)
rElec   .            (no ring)
rCorr   .            (no ring)
SInv    .            (no ring)
Will    .....        (no ring)
Stlth   ++++         (no ring)
HPRegen 0.26/turn    (no ring)
MPRegen 0.10/turn    (no ring)
                     (no ring)

%: no passive effects
@: beast-form
A: beast (slay +3), almost no armour, amphibious, 8 rings, camouflage 1,
gelatinous body 1, (nimble swimmer 1), tentacles, agile 1, mutation resistance 1
a: Begin Untransformation


You were on level 5 of the Dungeon.
You were a hulking beast.
You visited 1 branch of the dungeon, and saw 5 of its levels.

You collected 236 gold pieces.
You spent 50 gold pieces at shops.

Inventory:

Missiles
 d - 56 stones (quivered)
 r - a throwing net
Talismans
 b - a beast talisman (active)
 c - a flux talisman
Wands
 h - a wand of roots (18)
 k - a wand of digging (4)
 p - a wand of paralysis (12)
Scrolls
 e - a scroll of poison {unknown}
 f - 2 scrolls of immolation
 i - a scroll of enchant armour
 j - a scroll of fear {unknown}
 l - 2 scrolls of revelation
 n - 2 scrolls of teleportation
 s - a scroll of amnesia
Potions
 a - a potion of lignification
 g - a potion of attraction
 m - a potion of curing
 o - a potion of resistance {unknown}
 q - a potion of heal wounds


   Skills:
 - Level 1.0 Fighting
 - Level 2.0 Dodging
 - Level 4.0 Stealth
 - Level 3.0 Unarmed Combat
 * Level 6.2 Shapeshifting


You had 5 spell levels left.
You didn't know any spells.
Your spell library contained the following spells:

 Spells                   Type           Power      Damage    Failure   Level
 Ensorcelled Hibernation  Hex/Ice        0%         N/A       52%         2
 Dazzling Flash           Conj/Hex       0%         N/A       77%         3
 Mephitic Cloud           Conj/Alch/Air  0%         N/A       77%         3
 Passwall                 Erth           0%         N/A       77%         3
 Swiftness                Air            0%         N/A       77%         3
 Silence                  Hex/Air        0%         N/A       100%        5


Dungeon Overview and Level Annotations

Branches:
Dungeon (5/15)
 Temple: D:4-7

Altars:
Okawaru
Xom

Shops:
D:1 ?[:[*


Innate Abilities, Weirdness & Mutations

You are a hulking beast.
Your limbs bulge with bestial killing power. (Slay +3)
You cannot wear most types of armour.
You are amphibious.
You can wear up to eight rings at the same time.
Your skin changes colour to match your surroundings (Stealth+).
Your rubbery body absorbs attacks. (AC +1, EV +1)
((You are camouflaged when in or above water. (Stealth+)))
You have tentacles for arms and can constrict up to eight enemies at once.
You are agile. (Dex +4, Str/Int -1)
You are somewhat resistant to further mutation.


Message History

There is an open door here.
An orc wizard comes into view.
It is wielding a +2 dagger of electrocution.
An orc wizard is nearby!
The orc wizard shouts!
You hear a shout!
The orc wizard points at you and mumbles some strange words.
You are confused.
An orc comes into view. It is wielding a +0 club.
The orc shouts!
You hear a shout!
You are too confused!
You are too confused!
You bump into the rock wall.
The orc wizard points at you and mumbles some strange words.
The puff of flame hits you!
An orc wizard comes into view. It is wielding a +0 dagger.
The orc wizard mumbles some strange words.
The orc wizard flickers and vanishes!
Deactivating autopickup; reactivate with Ctrl-A.
You're too confused to move!
You bump into the rock wall.
You bump into the rock wall.
You bump into the rock wall.
You bump into the rock wall.
You feel less confused.
You closely miss the orc wizard. You grab the orc wizard.
You constrict the orc wizard. The orc wizard barely misses you.
You tentacle-slap the orc wizard. x2
The orc wizard is severely wounded.
You constrict the orc wizard.
The orc wizard points at you and mumbles some strange words.
The puff of flame hits you!
You tentacle-slap the orc wizard but do no damage.
You squeeze the orc wizard.
You kill the orc wizard!
An orc comes into view. It is wielding a +0 dagger.
You feel your intelligence returning.
The orc shouts!
You bludgeon something! Something hits you.
You are electrocuted!
* * * LOW HITPOINT WARNING * * *
You barely miss something. Something hits you.
You die...

......#......#'##♣♣.♣♣###
......#......#.# ♣♣♣
......#......#.#
......#......#.#
......########.# ####'##
#.# # #.# #.# ###.....
#.# #.#####......#####
#.# #..h$oo....... ...
#.###############......#
#.# #...#.......#
#......# #.#
######''.......#
#......###.#
...............#
#.........###
...............#
#.##.........
.<.............#
#>...#.##.###
.†.............#
##.####.##.#
##############.#####..#
#.##.###


You could see 2 orcs.

Vanquished Creatures
  A phantom (D:5)
  A bullfrog (D:5)
  A scorpion (D:4)
  A bombardier beetle (D:5)
  An orc wizard (D:5)
  2 adders
  2 shadow imps (D:5)
  4 dart slugs
  2 ribbon worms (D:3)
  11 endoplasms
  2 giant cockroaches
  11 goblins
  10 hobgoblins
  4 quokkas
  8 ball pythons
  5 bats
  5 frilled lizards
  6 kobolds
  7 rats
84 creatures vanquished.

Notes
Turn   | Place    | Note
-------+----------+-------------------------------------------
     0 | D:1      | GiantSquids the Octopode Shapeshifter began the quest for
                  | the Orb.
     0 | D:1      | Reached XP level 1. HP: 13/13 MP: 1/1
    69 | D:1      | Found a faded altar of an unknown god.
    78 | D:1      | Found Hass's Book Shoppe.
    88 | D:1      | Reached skill level 1 in Stealth
    94 | D:1      | Reached XP level 2. HP: 17/18 MP: 2/2
   139 | D:1      | You fall into a shaft and drop 1 floor!
   344 | D:2      | Reached XP level 3. HP: 23/23 MP: 3/3
   816 | D:1      | Found Poep's Assorted Antiques.
   907 | D:1      | Found Dihoinow's Armour Boutique.
   985 | D:1      | Found Hecsus's Magic Scroll Shop.
   988 | D:1      | Bought a scroll of teleportation for 30 gold pieces
   988 | D:1      | Bought a scroll of identify for 20 gold pieces
  1050 | D:1      | Reached skill level 4 in Shapeshifting
  1098 | D:1      | Found Itricva's Armour Boutique.
  1215 | D:1      | Reached XP level 4. HP: 26/28 MP: 4/4
  1777 | D:4      | Found an iron altar of Okawaru.
  2127 | D:4      | Noticed a scorpion
  2154 | D:4      | Killed a scorpion
  2155 | D:4      | Reached XP level 5. HP: 9/33 MP: 5/5
  2158 | D:4      | HP: 1/33 [poisoned by a scorpion]
  2336 | D:4      | Gained mutation: You are somewhat resistant to further
                  | mutation. [potion of mutation]
  2336 | D:4      | Gained mutation: You are agile. (Dex +4, Str/Int -1)
                  | [potion of mutation]
  2348 | D:5      | Entered Level 5 of the Dungeon
  2422 | D:5      | Noticed a phantom
  2427 | D:5      | Reached skill level 5 in Shapeshifting
  2441 | D:5      | Killed a phantom
  2442 | D:5      | Reached XP level 6. HP: 3/38 MP: 6/6
  2709 | D:5      | Reached skill level 6 in Shapeshifting
  2799 | D:5      | Found a shimmering altar of Xom.
  2924 | D:5      | Slain by an orc wizard

Illustrated notes

Levels and vault maps discovered:
D:1:      dpeg_arrival_rhombi, layout_basic, serial_shops,
          nicolae_shop_rolled_up, shop, nicolae_shop_peninsula,
          nicolae_shop_hallway_stairs, nicolae_shop_rolling_square,
          dreamdust_ecumenical_altar_statues
D:2:      wad_lake_hut, layout_rooms, minmay_between
D:3:      layout_rooms
D:4:      layout_cave_pools, mainiacjoe_overflow_paths, mrwooster_statue_mirror
D:5:      layout_basic, kennysheep_little_box

Skill      XL: |  1  2  3  4  5  6 |
---------------+-------------------+-----
Stealth        | 1 2 4 |  4.0
Shapeshifting  | 4 5 6 |  6.2
Fighting       | |  1.0
Dodging        | |  2.0
Unarmed Combat | |  3.0

Action                     |  1- 3 |  4- 6 || total
---------------------------+-------+-------++-------
  Melee: Unarmed           |    86 |    85 ||   171
         Constrict         |    15 |    16 ||    31
         Tentacles         |    10 |    22 ||    32
         Punch             |     1 |     6 ||     7
  Throw: Stone             |       |     1 ||     1
    Use: Scroll            |       |     7 ||     7
         Potion            |       |     5 ||     5
   Stab: Sleeping          |     8 |     7 ||    15
 Armour: Skin              |    27 |    33 ||    60
  Dodge: Dodged            |    40 |    36 ||    76

Table legend: (Time is in decaauts)
 A = Elapsed time spent in this place.
 B = Non-inter-level travel time spent in this place.
 C = Inter-level travel time spent in this place.
 D = Time resting spent in this place.
 E = Time spent auto-exploring this place.
 F = Levels seen in this place.
 G = Mean time per level.
                   A        B        C        D        E       F      G
               +--------+--------+--------+--------+--------+-----+--------+
         Total |   2913 |   2753 |    160 |      0 |   2187 |   5 |  582.6 |
       Dungeon |   2913 |   2753 |    160 |      0 |   2187 |   5 |  582.6 |
               +--------+--------+--------+--------+--------+-----+--------+

Top non-repeatable levels by time:
     D:1: 605 daAuts
     D:2: 600 daAuts
     D:4: 574 daAuts
     D:5: 574 daAuts
     D:3: 559 daAuts
